 Dungeon Crawl Stone Soup version 0.26-a0-86-gd5eb6995ac (webtiles) character file.

Game seed: 14072216026630929578

1539520 bmfx the Acrobat (level 27, 102/156 HPs)
             Began as a Spriggan Fighter on June 21, 2020.
             Was a High Priest of Okawaru.
             Escaped with the Orb
             ... and 3 runes!
             The game lasted 04:07:31 (89867 turns).

bmfx the Acrobat (Spriggan Fighter)                Turns: 89867, Time: 04:07:31

Health: 102/156    AC: 33    Str: 26    XL:     27
Magic:  25/38      EV: 32    Int: 15    God:    Okawaru [*****.]
Gold:   3745       SH: 15    Dex: 21    Spells: 25/26 levels left

rFire    + . .     SeeInvis +   w - +11 fustibalus of Extermination {flame, rPois rC+ MR+ Dex+3}
rCold    + + .     Gourm    .   x - +5 buckler of Xitaopaig {god gift, rN+}
rNeg     + . .     Faith    .   A - +8 gold dragon scales
rPois    +         Spirit   +   m - +1 hat of the Cockatrice {god gift, Str+5}
rElec    .         Reflect  .   W - +2 cloak {MR+}
rCorr    .         Harm     .   (gloves unavailable)
MR       +++++     Clarity  +   (boots unavailable)
Stlth    ..........             y - amulet of guardian spirit
HPRegen  0.36/turn              H - +4 ring of slaying
MPRegen  0.26/turn              X - +4 ring of slaying

@: heroism, very quick
A: very small, unfitting armour, claws 1, see invisible, clarity, clever 1,
deformed body, herbivore, speed 3, mutation resistance 1, slow metabolism 2,
strong 1
0: Orb of Zot
}: 3/15 runes: decaying, serpentine, silver
a: Heroism, Finesse, Renounce Religion


You escaped.
You worshipped Okawaru.
Okawaru was extremely pleased with you.
You were completely stuffed.

You visited 10 branches of the dungeon, and saw 50 of its levels.
You also visited: Ossuary, Gauntlet and Ice Cave.

You collected 10474 gold pieces.
You spent 6729 gold pieces at shops.


Innate Abilities, Weirdness & Mutations

You are very small and have problems with some larger weapons.
You are too small for most types of armour.
You have supernaturally acute eyesight. (SInv)
You are a herbivore.
You cover ground extremely quickly.
You need to consume almost no food.
You have sharp fingernails.
You possess an exceptional clarity of mind.
Your mind is acute. (Int +2)
Armour fits poorly on your strangely shaped body.
You are somewhat resistant to further mutation.
Your muscles are strong. (Str +2)

Dungeon Overview and Level Annotations

Branches:
Dungeon (15/15)            Temple (1/1) D:5            Lair (6/6) D:10
  Swamp (4/4) Lair:3        Snake (4/4) Lair:3        Slime (0/5) Lair:5
    Orc (2/2) D:11            Elf (3/3) Orc:2        Vaults (5/5) D:14
  Crypt (0/3) Vaults:2     Depths (5/5) D:15            Zot (5/5) Depths:5
Ossuary (visited)           IceCv (visited)         Gauntlet (visited)

Altars:
Ashenzari
Cheibriados
Dithmenos
Elyvilon
Fedhas
Gozag
Hepliaklqana
Kikubaaqudgha
Makhleb
Nemelex Xobeh
Okawaru
Qazlal
Ru
Sif Muna
Trog
Uskayaw
Vehumet
Wu Jian
Xom
Yredelemnul
Zin
The Shining One
Beogh
Jiyva

Shops:
D:9 *   D:13 *   D:14 ?   Orc:2 :([*}   Vaults:1 !   Vaults:2 %   Vaults:3 }
Depths:1 }}=?   Depths:3 *

Portals:
Hell: Depths:1 Depths:2 Depths:3 Depths:4 Depths:5
Abyss: Depths:1 Depths:4
Pandemonium: Depths:3 Depths:4
Ziggurat: Depths:5

Annotations:
Snake:4 4 runed translucent doors, Rifaon's ghost, adept DsBe
Elf:1 1 transporter
Zot:4 1 transporter


   Skills:
 + Level 20.0(25.0) Fighting
 - Level 14.0(19.0) Short Blades
 - Level 21.4(27) Slings
 - Level 8.0(19.4) Throwing
 - Level 22.0(27) Armour
 - Level 22.0(27) Dodging
 - Level 12.5(17.5) Stealth
 - Level 7.2(12.2) Shields
 - Level 12.0 Invocations
 - Level 20.0 Evocations


You had 25 spell levels left.
You knew the following spells:

 Your Spells              Type           Power        Failure   Level  Hunger
a - Apportation           Tloc           #.....       87%         1    ##.....

Your spell library contained the following spells:

 Spells                   Type           Power        Failure   Level  Hunger
 Animate Skeleton         Necr           N/A          87%         1    ##.....
 Corona                   Hex            #......      87%         1    ##.....
 Magic Dart               Conj           #...         87%         1    ##.....
 Pain                     Necr           #...         87%         1    ##.....
 Sandblast                Erth           #.....       87%         1    ##.....
 Shock                    Conj/Air       #...         87%         1    ##.....
 Sting                    Tmut/Pois      #...         87%         1    ##.....
 Summon Butterflies       Summ           #.......     87%         1    ##.....
 Summon Small Mammal      Summ           #...         87%         1    ##.....
 Blink                    Tloc           N/A          95%         2    ###....
 Call Imp                 Summ           #.......     95%         2    ###....
 Corpse Rot               Necr/Air       N/A          95%         2    ###....
 Passwall                 Tmut/Erth      #.......     95%         2    ###....
 Poisonous Vapours        Pois/Air       #.....       95%         2    ###....
 Slow                     Hex            #.......     95%         2    ###....
 Swiftness                Chrm/Air       #.......     95%         2    ###....
 Call Canine Familiar     Summ           #.......     99%         3    ####...
 Confusing Touch          Hex            #.......     99%         3    ####...
 Conjure Flame            Conj/Fire      #.......     99%         3    ####...
 Gell's Gravitas          Tloc           #.........   99%         3    ####...
 Ignite Poison            Fire/Tmut/Pois #.......     99%         3    ####...
 Inner Flame              Hex/Fire       #.......     99%         3    ####...
 Lesser Beckoning         Tloc           #.........   99%         3    ####...
 Mephitic Cloud           Conj/Pois/Air  #.......     99%         3    ####...
 Portal Projectile        Hex/Tloc       #.....       99%         3    ####...
 Recall                   Summ/Tloc      N/A          99%         3    ####...
 Static Discharge         Conj/Air       #.......     99%         3    ####...
 Stone Arrow              Conj/Erth      #.....       99%         3    ####...
 Summon Guardian Golem    Hex/Summ       #.......     99%         3    ####...
 Tukima's Dance           Hex            #.......     99%         3    ####...
 Vampiric Draining        Necr           #.........   99%         3    ####...
 Airstrike                Air            #.........   100%        4    #####..
 Animate Dead             Necr           N/A          100%        4    #####..
 Cause Fear               Hex            #.........   100%        4    #####..
 Dispel Undead            Necr           #.......     100%        4    #####..
 Hailstorm                Conj/Ice       #.......     100%        4    #####..
 Ice Form                 Ice/Tmut       #.......     100%        4    #####..
 Leda's Liquefaction      Hex/Erth       #.........   100%        4    #####..
 Olgreb's Toxic Radiance  Pois           #.......     100%        4    #####..
 Petrify                  Tmut/Erth      #.......     100%        4    #####..
 Sticky Flame             Conj/Fire      #.......     100%        4    #####..
 Summon Ice Beast         Ice/Summ       #.......     100%        4    #####..
 Summon Lightning Spire   Summ/Air       #.......     100%        4    #####..
 Agony                    Necr           #.......     100%        5    ######.
 Alistair's Intoxication  Tmut/Pois      #.......     100%        5    ######.
 Aura of Abjuration       Summ           #.........   100%        5    ######.
 Bolt of Magma            Conj/Fire/Erth #.........   100%        5    ######.
 Borgnjor's Vile Clutch   Necr/Erth      #.........   100%        5    ######.
 Iskenderun's Battlesphe  Conj/Chrm      #.......     100%        5    ######.
 Lee's Rapid Deconstruct  Erth           #.........   100%        5    ######.
 Lightning Bolt           Conj/Air       #.........   100%        5    ######.
 Metabolic Englaciation   Hex/Ice        #.........   100%        5    ######.
 Silence                  Hex/Air        #.........   100%        5    ######.
 Summon Demon             Summ           #.........   100%        5    ######.
 Summon Forest            Summ/Tloc      #.........   100%        5    ######.
 Summon Mana Viper        Hex/Summ       #.......     100%        5    ######.
 Yara's Violent Unravell  Hex/Tmut       #.........   100%        5    ######.
 Conjure Ball Lightning   Conj/Air       #.........   100%        6    #######
 Death Channel            Necr           #.........   100%        6    #######
 Eringya's Noxious Bog    Tmut/Pois      #.........   100%        6    #######
 Freezing Cloud           Conj/Ice/Air   #.........   100%        6    #######
 Hydra Form               Tmut           #.........   100%        6    #######
 Invisibility             Hex            #.......     100%        6    #######
 Iron Shot                Conj/Erth      #.........   100%        6    #######
 Ozocubu's Refrigeration  Ice            #.........   100%        6    #######
 Shadow Creatures         Summ           N/A          100%        6    #######
 Simulacrum               Ice/Necr       #.........   100%        6    #######
 Starburst                Conj/Fire      #.........   100%        6    #######
 Statue Form              Tmut/Erth      #........    100%        6    #######
 Malign Gateway           Summ/Tloc      #.........   100%        7    #######
 Monstrous Menagerie      Summ           #.........   100%        7    #######
 Orb of Destruction       Conj           #.........   100%        7    #######
 Spellforged Servitor     Conj/Summ      #.........   100%        7    #######
 Summon Greater Demon     Summ           #.........   100%        7    #######
 Summon Hydra             Summ           #.........   100%        7    #######
 Summon Horrible Things   Summ           #.........   100%        8    #######
 Shatter                  Erth           #.........   100%        9    #######
 Tornado                  Air            #.........   100%        9    #######

Action                   |  1- 3 |  4- 6 |  7- 9 | 10-12 | 13-15 | 16-18 | 19-21 | 22-24 | 25-27 || total
-------------------------+-------+-------+-------+-------+-------+-------+-------+-------+-------++-------
Melee: Rapier            |   121 |   145 |       |       |       |       |       |    46 |    56 ||   368
       Dagger            |       |    72 |   387 |   462 |     7 |       |       |       |       ||   928
       Quick blade       |       |       |       |       |    29 |    65 |       |       |       ||    94
 Fire: Fustibalus        |       |       |       |   497 |  1609 |  2025 |  2138 |  1765 |  1599 ||  9633
Throw: Stone             |    17 |    88 |     5 |     3 |     1 |       |       |       |       ||   114
       Boomerang         |       |    57 |    55 |   101 |       |       |       |       |       ||   213
       Dart              |       |       |    34 |    37 |       |       |       |     8 |     5 ||    84
Invok: Heroism           |       |       |     3 |    20 |    35 |    29 |    21 |    23 |    33 ||   164
       Finesse           |       |       |       |     1 |     4 |    13 |    11 |    13 |    18 ||    60
 Abil: Evoke Invisibilit |       |     1 |     1 |     1 |       |       |       |     5 |     4 ||    12
       Evoke Flight      |       |       |       |       |     1 |       |       |       |       ||     1
Evoke: Wand              |       |       |     4 |     6 |    40 |    38 |     6 |    23 |    15 ||   132
       Box of beasts     |       |       |       |       |     1 |       |     2 |       |       ||     3
       Phantom mirror    |       |       |       |       |       |     1 |       |       |     2 ||     3
       Tin of tremorston |       |       |       |       |       |       |    22 |    17 |       ||    39
       Lightning rod     |       |       |       |       |       |       |    18 |    30 |     4 ||    52
  Use: Scroll            |       |     9 |     8 |     9 |    10 |    13 |     5 |    25 |    22 ||   101
       Potion            |       |     1 |       |       |     8 |     7 |     3 |     5 |     4 ||    28
 Stab: Sleeping          |     5 |     3 |    11 |    11 |     3 |       |       |    11 |       ||    44
       Distracted        |       |     1 |       |       |       |       |       |       |       ||     1
       Invisible         |       |     1 |     2 |     3 |       |       |       |    15 |    19 ||    40
       Paralysed         |       |       |     1 |     1 |     3 |     1 |       |       |       ||     6
       Confused          |       |       |       |       |     1 |       |       |       |       ||     1
  Eat: Ration            |       |     2 |     2 |     5 |     5 |     5 |     6 |     8 |     9 ||    42
Armor: Robe              |     4 |     8 |     5 |    16 |     2 |       |       |       |       ||    35
       Ice dragon scales |       |       |       |       |    10 |       |       |       |       ||    10
       Fire dragon scale |       |       |       |       |     2 |     6 |    52 |    15 |       ||    75
       Swamp dragon scal |       |       |       |       |       |    27 |       |       |       ||    27
       Gold dragon scale |       |       |       |       |       |       |       |    92 |   102 ||   194
Dodge: Dodged            |    78 |   104 |   134 |   229 |   174 |   405 |   340 |   327 |   293 ||  2084
Block: Buckler           |    27 |    47 |   135 |   203 |   156 |   361 |   293 |   300 |   207 ||  1729
       Reflection        |       |       |     2 |     4 |    27 |    54 |    76 |     1 |       ||   164

Skill      XL: |  1  2  3  4  5  6  7  8  9 10 11 12 13 14 15 16 17 18 19 20 21 22 23 24 25 26 27 |
---------------+----------------------------------------------------------------------------------+-----
Stealth        | 1 2 3 6 8 12 | 12.5
Dodging        | 5 6 7 8 12 13 18 19 22 | 22.0
Short Blades   | 3 4 5 6 7 8 10 13 14 | 14.0
Throwing       | 1 2 4 7 8 |  8.0
Invocations    | 1 5 6 8 10 12 | 12.0
Evocations     | 6 8 12 20 | 20.0
Fighting       | 3 8 12 16 18 20 | 20.0
Slings         | 4 12 15 17 21 | 21.4
Shields        | 7 |  7.2
Armour         | 5 9 11 14 15 18 19 21 22 | 22.0

Inventory:

Hand Weapons
 a - the +8 rapier "Cipsoad" {flame, +Inv rN+++ Int-3 SInv}
   (You took it off a deep elf demonologist on level 3 of the Elven Halls)

   It has been specially enchanted to burn those struck by it, causing extra
   injury to most foes and up to half again as much damage against particularly
   susceptible opponents.
   It affects your intelligence (-3).
   It renders you almost immune to negative energy.
   It lets you see invisible.
   It lets you turn invisible.
 b - the +1 fustibalus of Tuot {freeze, rElec rF- Dex+5}
   (You found it on level 3 of the Elven Halls)

   It causes projectiles fired from it to freeze those they strike, causing
   extra injury to most foes and up to half again as much damage against
   particularly susceptible opponents.
   They can also slow down cold-blooded creatures.
   It affects your dexterity (+5).
   It makes you vulnerable to fire.
   It insulates you from electricity.
 t - a +9 vorpal fustibalus
 w - the +11 fustibalus of Extermination (weapon) {flame, rPois rC+ MR+ Dex+3}
   (You bought it in a shop on level 3 of the Depths)

   It causes projectiles fired from it to burn those they strike, causing extra
   injury to most foes and up to half again as much damage against particularly
   susceptible opponents.
   It affects your dexterity (+3).
   It protects you from cold.
   It protects you from poison.
   It affects your resistance to hostile enchantments.
Missiles
 n - 16 throwing nets {!f}
 r - 45 atropa-tipped darts {god gift}
 s - 400 stones
 u - 282 sling bullets (quivered)
 I - 34 curare-tipped darts {god gift}
Armour
 m - the +1 hat of the Cockatrice (worn) {god gift, Str+5}
   (Okawaru gifted it to you on level 3 of the Depths)

   It affects your strength (+5).
 x - the +5 buckler of Xitaopaig (worn) {god gift, rN+}
   (Okawaru gifted it to you on level 3 of the Elven Halls)

   It protects you from negative energy.
 A - +8 gold dragon scales (worn)
 Q - a scarf of resistance {god gift}
 W - a +2 cloak of magic resistance (worn)
Jewellery
 y - an amulet of guardian spirit (around neck)
 D - the ring "Ruwnuckes" {rPois rF+ MP+9 Dex+3}
   (You acquired it on level 5 of the Realm of Zot)

   [ring of poison resistance]

   It affects your dexterity (+3).
   It protects you from fire.
   It protects you from poison.
   It affects your magic capacity (+9).
 H - a +4 ring of slaying (left claw)
 L - a +6 ring of strength
 X - a +4 ring of slaying (right claw)
 Y - the ring of Xekaeji {rN+ rCorr}
   (You found it on level 2 of the Depths)

   [ring of resist corrosion]

   It protects you from negative energy.
   It provides partial protection from all sources of acid and corrosion.
Wands
 c - a wand of polymorph (32)
 h - a wand of acid (32)
 j - a wand of digging (2)
 z - a wand of iceblast (43)
 G - a wand of paralysis (7)
 S - a wand of enslavement (6)
Scrolls
 i - 2 scrolls of silence
 l - 31 scrolls of identify {@r3}
 o - a scroll of fog
 B - 25 scrolls of remove curse {@r4}
 E - 20 scrolls of teleportation {@r1}
 F - 2 scrolls of fear
 J - 3 scrolls of holy word
 P - 2 scrolls of summoning
 Z - 3 scrolls of blinking {@r2}
Potions
 d - 7 potions of might
 e - 8 potions of heal wounds {@q1}
 k - 11 potions of curing {@q2}
 p - 4 potions of haste {@q4}
 v - 7 potions of stabbing
 C - 7 potions of mutation
 K - 5 potions of magic
 O - 5 potions of cancellation
 R - 4 potions of flight
 T - 14 potions of ambrosia
Miscellaneous
 g - a phial of floods
 q - a tin of tremorstones (3/3)
 M - 4 phantom mirrors
 U - a lightning rod (4/4)
 V - a box of beasts
Comestibles
 f - 47 rations

.## ##...........##
.##########.....≈.......###
...............≈≈≈.(......#####
#########.....§≈≈≈≈...........#
# ##...§§§.....≈..........# #
##....§≈§≈...≈≈≈(........#
##.....≈≈§≈≈.≈≈≈≈≈........#
##..§..≈...........§.......#
####...§§≈≈≈(...@....≈§≈......#
.......§§≈≈§≈.......≈≈§≈≈.....#
###....≈.....≈.§...≈.....≈....##
#...§§≈...≈≈§§.§≈≈§...≈≈§....##
#..≈≈≈≈≈.≈≈≈§§§≈≈≈§≈.§≈§§§....#
##.......)...§..........§§....#
#.......#####...........§†...#
#######)### #########..§....##
#...# ##.......#


There were no monsters in sight!

Vanquished Creatures
  4 orbs of fire
  Mennas (Vaults:2)
  5 ancient liches
  Mara (Depths:3)
  Sojobo (Vaults:2)
  6 Killer Klowns
  Xtahua (Depths:5)
  The ghost of Rivec the Minotaur Cataclysm, a veteran MiFi of Qazlal (Depths:1)
  Margery (Vaults:5)
  3 caustic shrikes (Depths:4)
  Saint Roka (Orc:2)
  2 curse toes
  12 golden dragons
  Jory (Vaults:5)
  3 bone dragons
  The ghost of Rov Woulue the Black Belt, an adept MfTm of Cheibriados (Vaults:4)
  A Brimstone Fiend (D:1)
  4 liches
  2 electric golems (Zot:5)
  An iron giant (shapeshifter) (Zot:3)
  16 tentacled monstrosities
  25 Orb Guardians (Zot:5)
  Asterion (Vaults:2)
  6 quicksilver dragons
  6 titans
  2 deep elf blademasters (Elf:3)
  2 deep elf master archers (Elf:3)
  7 death cobs
  3 sphinxes
  3 thorn hunters
  10 shadow dragons
  4 tengu reavers
  6 draconian monks
  Donald (Swamp:2)
  Roxanne (Elf:3)
  10 storm dragons
  16 nagarajas
  16 fire giants
  12 frost giants
  2 orc warlords
  Louise (Elf:3)
  15 vault wardens
  3 draconian knights
  3 iron dragons
  7 deep elf sorcerers
  A cacodemon (D:11)
  2 ghost moths (Zot:3)
  4 draconian scorchers
  A balrug (Depths:3)
  5 deep elf elementalists (Elf:3)
  Aizul (Depths:2)
  15 ironheart preservers
  5 draconian shifters
  2 ghouls
  3 draconian stormcallers
  The ghost of Rinoucvo the Devastator, a journeyman DrCj of Vehumet (D:13)
  4 draconian annihilators
  6 very ugly things
  A war gargoyle (Vaults:5)
  12 green draconians
  21 stone giants
  14 red draconians
  2 vampire knights
  7 spark wasps
  A lorocyproca (Zot:4)
  An entropy weaver (shapeshifter) (Zot:3)
  8 deep elf demonologists
  9 yellow draconians
  9 black draconians
  8 purple draconians
  A dire elephant (Lair:6)
  11 white draconians
  A blizzard demon (D:4)
  4 deep elf annihilators (Elf:3)
  2 crystal guardians
  An eidolon (Depths:2)
  11 deep elf death magi
  14 ettins
  16 yaktaur captains
  A merfolk javelineer (Vaults:4)
  10 fire dragons
  A jiangshi (Vaults:2)
  7 great orbs of eyes
  2 merfolk impalers
  21 hydras
  5 deep elf high priests
  12 ice dragons
  33 vault guards
  Josephine (Orc:1)
  2 shambling mangroves
  Harold (Orc:1)
  13 naga warriors
  A juggernaut simulacrum (Depths:2)
  10 rakshasas
  A spriggan air mage (Depths:4)
  13 alligators
  A ghost crab (Swamp:1)
  4 death knights
  9 centaur warriors
  25 anacondas
  12 ogre magi
  3 death yaks (Lair:6)
  47 two-headed ogres
  An anaconda (shapeshifter) (Vaults:5)
  4 deep troll shamans
  5 deep troll earth magi
  31 dancing weapons
  6 tengu warriors
  2 vampire magi
  3 orc high priests
  2 shock serpents (Snake:4)
  15 naga sharpshooters
  2 spriggan berserkers
  A soul eater (Depths:2)
  22 deep elf knights
  Sonja (Lair:4)
  4 sun demons
  A fire crab (shapeshifter) (Elf:3)
  5 hell knights
  3 iron trolls (Depths:2)
  4 skeletal warriors
  6 shadow wraiths
  4 sea snakes (Snake:4)
  10 glowing orange brains
  2 death drakes (Depths:2)
  2 sixfirhies (D:11)
  5 salamander mystics
  An unseen horror (shapeshifter) (Depths:1)
  A shadow demon (Zot:4)
  3 unseen horrors (D:15)
  3 flayed ghosts
  2 spriggan druids (Swamp:4)
  11 deep trolls
  2 spectral anacondas (Depths:2)
  5 naga ritualists
  2 spectral hydras (Depths:2)
  A sea snake (shapeshifter) (Vaults:5)
  10 swamp dragons
  A deep troll (shapeshifter) (Vaults:5)
  14 deep elf archers
  5 lindwurms (Lair:6)
  A harpy (shapeshifter) (Depths:4)
  Pikel (D:8)
  8 necromancers
  2 orange crystal statues (Depths:2)
  21 orc knights
  5 wizards
  25 ironbrand convokers
  11 mana vipers
  6 phantasmal warriors
  A sphinx skeleton (Vaults:3)
  13 harpies
  2 orb spiders (shapeshifter)
  34 ugly things
  13 salamanders
  4 wolf spiders
  A faun (shapeshifter) (Vaults:1)
  68 deep elf magi
  4 oklob plants (Lair:3)
  2 elephants (Lair:6)
  A shining eye (shapeshifter) (Vaults:5)
  A salamander (shapeshifter) (Vaults:2)
  A human zombie (Vaults:3)
  A shining eye (Snake:2)
  3 cyclopes
  7 orc sorcerers
  24 moths of wrath
  51 black mambas
  A guardian serpent (shapeshifter) (Depths:2)
  A water nymph (Snake:2)
  14 vault sentinels
  2 smoke demons (Zot:3)
  An ice statue (IceCv)
  8 torpor snails
  Psyche (D:8)
  2 gargoyles
  2 stone giant skeletons
  18 guardian serpents
  17 spiny frogs
  21 naga magi
  9 komodo dragons
  A spiny frog (shapeshifter) (Vaults:5)
  4 orange demons (D:11)
  5 centaur skeletons
  23 freezing wraiths
  4 efreet
  A small abomination (Elf:1)
  3 rime drakes (Lair:6)
  4 spectral merfolk (Depths:2)
  A yaktaur (shapeshifter) (Vaults:2)
  A kobold demonologist (D:13)
  40 yaktaurs
  A demonic crawler (D:4)
  2 ice devils (Orc:2)
  2 hellwings (Zot:3)
  8 trolls
  5 meliai (D:13)
  4 red devils (D:11)
  5 tengu conjurers
  A jumping spider (shapeshifter) (Vaults:3)
  A polar bear (Lair:6)
  16 tyrant leeches
  24 slime creatures
  14 blink frogs
  A blink frog (shapeshifter) (Vaults:2)
  26 hornets
  Prince Ribbit (D:7)
  5 bog bodies
  13 dream sheep
  9 hippogriffs
  A slime creature (shapeshifter) (Vaults:5)
  9 shadows
  5 air elementals
  3 hogs (D:8)
  15 wraiths
  3 spriggans
  45 yaks
  A ynoxinul (D:14)
  3 basilisks
  4 water elementals
  A hungry ghost (D:11)
  Grum (D:8)
  A basilisk (shapeshifter) (Vaults:5)
  24 fire elementals
  A human (D:8)
  A yaktaur simulacrum (Vaults:2)
  Menkaure (D:4)
  A steam dragon (D:11)
  9 vampire mosquitoes
  18 wargs
  9 insubstantial wisps
  2 acid dragons (D:14)
  23 water moccasins
  16 swamp worms
  48 nagas
  4 hell hounds (Depths:2)
  2 spectral trolls (Depths:2)
  15 porcupines
  3 spectral spriggans (Depths:2)
  3 floating eyes
  56 orc warriors
  5 sky beasts
  13 swamp drakes
  An ettin simulacrum (Depths:2)
  13 ice beasts
  2 eyes of draining
  2 phantoms
  2 snapping turtle zombies (Depths:2)
  12 wolves
  38 ogres
  13 boggarts
  13 centaurs
  18 crocodiles
  3 elf zombies
  15 bullfrogs
  2 earth elementals
  5 scorpions
  An elephant simulacrum (IceCv)
  A spectral naga (Depths:2)
  2 spectral ogres (Depths:2)
  4 killer bees (D:7)
  3 wights (Depths:2)
  An electric eel (Lair:5)
  6 howler monkeys
  2 spectral centaurs (Depths:2)
  2 quasits (D:9)
  7 lava snakes (D:13)
  4 centaur zombies
  5 crimson imps
  2 draconian simulacra (IceCv)
  5 hounds
  An iron imp (Depths:1)
  27 orc priests
  3 jellies
  A jelly (shapeshifter) (Vaults:2)
  23 orc wizards
  Natasha (thrice) (D:4)
  4 iguanas
  3 polar bear simulacra (IceCv)
  6 worker ants
  A worker ant (shapeshifter) (Vaults:5)
  2 spriggan simulacra (IceCv)
  6 troll simulacra (IceCv)
  5 centaur simulacra (IceCv)
  4 mummies (Ossuary)
  Robin (D:2)
  A howler monkey zombie (D:10)
  3 worker ant zombies
  3 naga simulacra
  16 adders
  4 ogre simulacra (IceCv)
  A shadow imp (D:6)
  12 white imps (IceCv)
  4 oozes
  An adder zombie (Ossuary)
  5 worms
  5 dart slugs
  6 leopard geckos
  96 orcs
  14 bats
  4 giant cockroaches
  4 gnoll zombies
  18 goblins
  11 hobgoblins
  17 jackals
  7 kobolds
  8 quokkas
  4 ball pythons
  6 frilled lizards
  A goblin zombie (Ossuary)
  2 jackal zombies (Ossuary)
  3 kobold zombies (Ossuary)
  A quokka skeleton (D:4)
  7 rats
  A rat zombie (Ossuary)
  A fungus (D:10)
  A plant (Lair:6)
2391 creatures vanquished.

Vanquished Creatures (collateral kills)
  A thorn hunter (Swamp:4)
  A draconian knight (Zot:2)
  2 swamp dragons (Swamp:4)
  A moth of wrath (Zot:4)
  A slime creature (Swamp:4)
  A redback simulacrum (D:14)
7 creatures vanquished.

Vanquished Creatures (others)
  A draconian stormcaller (Zot:3)
  A white draconian (Zot:4)
  A centaur warrior (D:13)
  An ogre mage (D:15)
  A deep elf knight (Elf:1)
  A harpy (Vaults:3)
  A fire elemental (Elf:2)
  A warg (Depths:2)
  An orc warrior (Vaults:5)
  An ogre (D:15)
  A bullfrog skeleton (D:7)
  An iguana (Lair:3)
  An orc (Vaults:5)
  2 briar patches (Swamp:4)
  32 bushes (D:15)
  A demonic plant (Gauntlet)
  7 fungi
  17 plants
72 creatures vanquished.

Grand Total: 2470 creatures vanquished

Levels and vault maps discovered:
D:1:      onia_arrival_pyramid, layout_rooms
D:2:      layout_loops_ring, vehumet_crystals, gammafunk_temple_overflow_wave,
          hangedman_decor_push, minmay_tree_intersection, uniq_robin
D:3:      layout_basic, grunt_ministairs_1
D:4:      layout_basic, first_ration, uniq_natasha, uniq_menkaure
D:5:      layout_cave_pods, lemuel_zombie_altar_yredelemnul,
          lemuel_blue_sif_altar, minmay_temple_entry_tees
D:6:      layout_basic, nemelex_spade_bored_becter
D:7:      layout_loops_ring, nicolae_tso_swordbearing_angel,
          nicolae_ossuary_entry_plus, lemuel_flamethrower_2, uniq_prince_ribbit1
D:8:      layout_basic, lightli_temple_of_fire, grunt_livestock, uniq_pikel,
          uniq_psyche, uniq_grum
D:9:      layout_gridville, fedhas_altar_4, nicolae_island_escapes
D:10:     layout_loops_cross, due_lair_maze_entry_diamond, grunt_dithmenos_smoke
D:11:     minmay_evil_eye, layout_basic, roderic_roman_lattice,
          minmay_beelzebubs_servants
D:12:     layout_gridville
D:13:     erik_rubicon_a, layout_basic, ebering_ghost_gozag,
          kennysheep_generic_room_16
D:14:     layout_grid_maze, erik_vaults_2, serial_bayou_pond_e, serial_shops,
          shop, dk_noncrumbling_4
D:15:     grunt_enter_depths_magical_seal, layout_loops_ring, minmay_hedge_maze,
          minmay_misc_feat_ornament
Temple:   minmay_temple_curvy_branch
Lair:1:   layout_regular_city, minivault_19
Lair:2:   layout_long_grid
Lair:3:   layout_loops_ring, minmay_swamp_entry_reptiles,
          minmay_snake_entry_spellcaster, grunt_megastairs_5,
          minmay_lair_oklob_chamber
Lair:4:   layout_regular_city, small_statue_intersection, uniq_sonja
Lair:5:   layout_loops_ring, slime_altar_2, gauntlet_entry_generic,
          nicolae_quartered_pool_medium, serial_bayou_pond_e,
          grunt_forest_small_clearings
Lair:6:   hangedman_lair_in_review, layout_hall_layers, wormcave
Swamp:1:  layout_basic_swamp, serial_swamp_ruin, evilmike_swamp_ruin_house_4,
          evilmike_swamp_ruin_rubble_1, evilmike_swamp_ruin_wall, swamp_pool1,
          kb_tengu_band, infiniplex_staircase_pool
Swamp:2:  layout_basic_swamp, evilmike_swamp_ruin_house_6, uniq_donald
Swamp:3:  layout_basic_swamp, evilmike_swamp_ruin_house_3
Swamp:4:  swamp, layout_basic_swamp, swamp_pool1
Snake:1:  layout_chambers, hangedman_venom_bottle
Snake:2:  layout_concentric_octagons, basic_altar, serial_bayou_shore_b
Snake:3:  layout_misc_corridors, special_room, st_stairs_5,
          serial_bayou_crossing
Snake:4:  grunt_snake_rune_serpentine_throne, layout_misc_corridors,
          ebering_ghost_reflecting_pool, serial_bayou_ford_a,
          nicolae_snake_horde_hoard
Orc:1:    layout_caves, mines2_lemuel, uniq_harold, uniq_josephine
Orc:2:    grunt_orc_community_town_hall, layout_caves,
          grunt_orc_community_big_house_1, grunt_orc_community_big_house_2,
          grunt_orc_community_house_1, grunt_orc_community_house_2,
          grunt_orc_community_house_3, grunt_orc_community_house_3,
          grunt_orc_community_house_2, grunt_orc_community_house_1,
          portal_ice_cave_demonic_guard, serial_shops, shop_statue, bloody_trog
Elf:1:    gammafunk_the_bubble [the_bubble_gammafunk_roulette],
          layout_geoelf_diagonals, minivault_28
Elf:2:    layout_geoelf_octagon
Elf:3:    elf_hall, layout_loops_cross, evilmike_minifort, uniq_louise,
          uniq_roxanne
Vaults:1: vaults_mumra_chevron, st_diamondy, v_misc_33, v_misc_8,
          nicolae_vaults_asterisk, vaults_dpeg_ring, nicolae_vaults_triangles,
          vaults_dpeg_encased_lava, vaults_dpeg_hooks,
          nicolae_vaults_little_squares_3, layout_vaults_big_room, serial_shops,
          nicolae_shop_waterfront
Vaults:2: minmay_crypt_entry_simple_corners, v_rooms_6, st_hourglassy,
          ontoclasm_vaults_fault, ontoclasm_vaults_ligature,
          vaults_mumra_hexcomb, vaults_dpeg_doors, nicolae_vaults_asterisk,
          nicolae_vaults_angled_halls, nicolae_vaults_border_crossing,
          v_rooms_2, nicolae_vaults_bisected_slash,
          nicolae_vaults_network_quinsquares
          [nicolae_vaults_network_quincunx_subvault,
          nicolae_vaults_network_quincunx_subvault,
          nicolae_vaults_network_quincunx_subvault,
          nicolae_vaults_network_quincunx_subvault], layout_vaults_omnibox,
          serial_shops, shop, uniq_sojobo, uniq_mennas, uniq_asterion
Vaults:3: v_rooms_5, hangedman_vaults_maws, v_rooms_6, vaults_mumra_hex,
          v_alt_pattern_5, v_misc_5, special_room_vaults [special_room_orc],
          vaults_room_pool, v_misc_13, nicolae_vaults_theta,
          layout_vaults_omnicross, serial_shops, shop
Vaults:4: gammafunk_vaults_ghost_fury_of_okawaru, v_misc_27,
          vaults_room_door_hall, vaults_room_stairs_pillars, v_misc_31,
          layout_vaults_quadrants
Vaults:5: serial_shops, uniq_margery, uniq_jory
Depths:1: layout_big_octagon, hangedman_abyss_entry_splay,
          ebering_ghost_rock_garden, minmay_misc_feat_more_columns,
          grunt_hell_entry_dis_mu, serial_shops, shop, minmay_evil_grid,
          minmay_shop_grove
Depths:2: lemuel_river_lethe, hell_entry, uniq_aizul
Depths:3: minmay_haunted_quarter, layout_cave_shapes, pan_entry,
          lightli_too_deep, serial_shops, nicolae_shop_overgrown_old_shop,
          uniq_mara
Depths:4: minmay_the_grid_triangle_9x9_recursive_2
          [minmay_the_grid_triangle_9x9_prize_top_heavy,
          minmay_the_grid_triangle_9x9_swiss_cheese,
          minmay_the_grid_triangle_9x9_corruption,
          minmay_the_grid_triangle_9x9_shrine], layout_gridlike,
          hangedman_geh_valley, pan_entry, abyss_entry, roderic_st_hans_cross,
          minmay_staircase_statues
Depths:5: grunt_zot_entry_gee_three, layout_cave_pools, enter_ziggurat_b,
          hell_entry, serial_bayou_shore_b, uniq_xtahua
Zot:1:    lemuel_firehouse, layout_concentric_octagons
Zot:2:    layout_cathedral_of_symmetry
Zot:3:    hangedman_zot_vaults_quadrants, layout_cathedral_of_symmetry,
          bh_zot_levy_curve
Zot:4:    layout_basic, chequers_guarded_unrand_mask_of_the_dragon
Zot:5:    layout_misc_corridors


Message History

You are too injured to fight recklessly!
You are too injured to fight recklessly!
Firing (i - inventory. (/) - cycle)
u - 283 sling bullets (quivered)
Press: ? - help, Shift-Dir - straight line, f/p - Brimstone Fiend
Aim: a Brimstone Fiend (lava, almost dead)
You shoot a sling bullet.
The sling bullet hits the Brimstone Fiend!
You kill the Brimstone Fiend!
Okawaru accepts your kill. Something appears at your feet!
Okawaru grants you ammunition!
Your base Fighting skill increases to level 20!
You hear a sizzling splash.
(D) Dungeon (T) Temple (L) Lair (S) Swamp (P) Snake Pit (M) Slime Pits (O) Orcish Mines (E) Elven Halls (V) Vaults (C) Crypt (U) Depths (H) Hell (Z) Zot
Where to? (Enter - D:1 @ (x,y), ? - help)
There is a staircase leading out of the dungeon here.
You have escaped!

Notes
Turn   | Place    | Note
-------+----------+-------------------------------------------
     0 | D:1      | bmfx the Spriggan Fighter began the quest for the Orb.
     0 | D:1      | Reached XP level 1. HP: 11/11 MP: 2/2
    76 | D:1      | Reached skill level 1 in Stealth
    93 | D:1      | Reached XP level 2. HP: 16/16 MP: 3/3
   380 | D:1      | Reached skill level 5 in Dodging
   403 | D:1      | Reached XP level 3. HP: 19/19 MP: 4/4
   836 | D:2      | Noticed Robin
  1018 | D:2      | Found a radiant altar of Vehumet.
  1458 | D:2      | Reached XP level 4. HP: 23/23 MP: 5/5
  2676 | D:2      | Found a shimmering altar of Xom.
  2676 | D:2      | Found a snail-covered altar of Cheibriados.
  2962 | D:3      | Reached XP level 5. HP: 27/27 MP: 6/6
  3801 | D:4      | Noticed Menkaure
  4055 | D:4      | Noticed Natasha
  4261 | D:5      | Entered Level 5 of the Dungeon
  4426 | D:5      | Reached skill level 1 in Throwing
  4462 | D:5      | Noticed a sky beast
  4481 | D:5      | Killed a sky beast
  4481 | D:5      | Reached XP level 6. HP: 28/32 MP: 7/7
  4661 | D:4      | Reached skill level 5 in Short Blades
  5046 | D:5      | Found a basalt altar of Yredelemnul.
  5144 | D:5      | Found a staircase to the Ecumenical Temple.
  5436 | D:5      | Got a pitted dagger
  5437 | D:5      | Identified the cursed +0 dagger of Havoc {holy, *Slow +Inv
                  | Dex+2} (You found it on level 5 of the Dungeon)
  5446 | D:5      | Found a shimmering blue altar of Sif Muna.
  5742 | D:5      | Reached XP level 7. HP: 31/35 MP: 8/8
  5778 | Temple   | Entered the Ecumenical Temple
  6024 | Temple   | Became a worshipper of Warmaster Okawaru
  6589 | D:6      | Found a sparkling altar of Nemelex Xobeh.
  7049 | D:6      | Reached skill level 5 in Stealth
  7090 | D:6      | Reached * piety under Okawaru
  7438 | D:7      | Noticed a hippogriff
  7440 | D:7      | Killed a hippogriff
  7440 | D:7      | Reached skill level 1 in Invocations
  7440 | D:7      | Reached XP level 8. HP: 39/39 MP: 8/10
  7473 | D:7      | Found a sand-covered staircase.
  7479 | Ossuary  | Entered an ossuary
  8508 | D:7      | Noticed Prince Ribbit
  8564 | D:7      | Reached ** piety under Okawaru
  8925 | D:8      | Noticed Pikel
  8964 | D:8      | Killed Pikel
  8964 | D:8      | Reached skill level 5 in Invocations
  8964 | D:8      | Reached XP level 9. HP: 43/43 MP: 12/14
  9200 | D:8      | Reached skill level 1 in Evocations
  9263 | D:8      | Noticed Psyche
  9372 | D:8      | Noticed Grum
  9470 | D:8      | Killed Psyche
  9470 | D:8      | Reached *** piety under Okawaru
  9470 | D:8      | Reached skill level 5 in Evocations
  9586 | D:8      | Reached skill level 5 in Throwing
  9617 | D:8      | Reached **** piety under Okawaru
  9617 | D:8      | Received a gift from Okawaru
  9700 | D:8      | Found a bloodstained altar of Trog.
  9764 | D:8      | Killed Grum
  9895 | D:8      | Reached XP level 10. HP: 47/47 MP: 15/15
 10199 | D:2      | Found a radiant altar of Vehumet.
 10425 | D:2      | Killed Robin
 10861 | D:4      | Killed Natasha
 10968 | D:4      | Noticed Natasha
 10980 | D:4      | Killed Natasha
 11018 | D:4      | Killed Menkaure
 11166 | D:4      | Noticed Natasha
 11174 | D:4      | Killed Natasha
 11676 | D:7      | Killed Prince Ribbit
 11881 | D:7      | Found a glowing golden altar of the Shining One.
 12213 | D:9      | Received a gift from Okawaru
 12555 | D:9      | Reached skill level 10 in Dodging
 12663 | D:9      | Found Yrapn's Island Escapes.
 12889 | D:9      | Found a blossoming altar of Fedhas.
 13008 | D:9      | Noticed a two-headed ogre
 13054 | D:9      | Killed a two-headed ogre
 13054 | D:9      | Received a gift from Okawaru
 13257 | D:10     | Entered Level 10 of the Dungeon
 13472 | D:10     | Found a staircase to the Lair.
 14017 | D:10     | Reached ***** piety under Okawaru
 14017 | D:10     | Reached XP level 11. HP: 53/53 MP: 16/16
 14063 | D:10     | Found a shadowy altar of Dithmenos.
 14352 | D:11     | Found a staircase to the Orcish Mines.
 14574 | D:11     | Received a gift from Okawaru
 14620 | D:11     | Noticed a two-headed ogre
 14643 | D:11     | Killed a two-headed ogre
 14643 | D:11     | Received a gift from Okawaru
 14643 | D:11     | Reached skill level 5 in Fighting
 14646 | D:11     | Got a bloodstained fustibalus {god gift}
 14647 | D:11     | Identified the +5 fustibalus of Recklessness {god gift,
                  | venom, rF- rC+ Str+3} (Okawaru gifted it to you on level 11
                  | of the Dungeon)
 14675 | D:11     | Reached skill level 10 in Short Blades
 14885 | D:11     | Noticed a green ugly thing
 14887 | D:11     | Noticed a brown ugly thing
 14919 | D:11     | Killed a brown ugly thing
 15056 | D:11     | Killed a cyan ugly thing
 15113 | D:11     | Noticed a green ugly thing
 15254 | D:11     | Killed a green ugly thing
 16043 | Lair:1   | Entered Level 1 of the Lair of Beasts
 16201 | Lair:1   | Reached skill level 1 in Slings
 17042 | Lair:2   | Reached XP level 12. HP: 64/64 MP: 17/17
 17098 | Lair:2   | Reached skill level 5 in Slings
 17449 | Lair:2   | Received a gift from Okawaru
 18331 | Lair:3   | Found a staircase to the Swamp.
 18366 | Lair:3   | Received a gift from Okawaru
 18400 | Lair:3   | Found a staircase to the Snake Pit.
 19081 | Lair:4   | Reached skill level 10 in Slings
 19172 | Lair:4   | Noticed an eight-headed hydra
 19196 | Lair:4   | Killed an eight-headed hydra
 19281 | Lair:4   | Noticed Sonja
 19285 | Lair:4   | Killed Sonja
 19445 | Lair:4   | Received a gift from Okawaru
 20143 | Lair:5   | Found a gate leading to a gauntlet.
 20190 | Gauntlet | Entered a Gauntlet
 20190 | Gauntlet | Found a transporter.
 20190 | Gauntlet | Found a transporter.
 20190 | Gauntlet | Found a transporter.
 20190 | Gauntlet | Found a transporter.
 20238 | Gauntlet | Found a transporter.
 20253 | Gauntlet | Found a transporter.
 20259 | Gauntlet | Noticed a minotaur
 20262 | Gauntlet | Found a transporter.
 20270 | Gauntlet | Found a transporter.
 20287 | Gauntlet | Found a transporter.
 20295 | Gauntlet | Found a transporter.
 20312 | Gauntlet | Found a transporter.
 20364 | Gauntlet | Found a transporter.
 20560 | Lair:5   | Noticed a seven-headed hydra
 20583 | Lair:5   | Killed a seven-headed hydra
 20583 | Lair:5   | Reached XP level 13. HP: 68/68 MP: 16/18
 20692 | Lair:5   | Reached ****** piety under Okawaru
 21000 | Lair:5   | Found a runed translucent door.
 21000 | Lair:5   | Found a viscous altar of Jiyva.
 21215 | Lair:5   | Found a staircase to the Slime Pits.
 21254 | Lair:6   | Entered Level 6 of the Lair of Beasts
 21364 | Lair:6   | Reached skill level 5 in Shields
 21524 | Lair:6   | Received a gift from Okawaru
 21763 | Lair:6   | Received a gift from Okawaru
 21959 | Lair:6   | Found a runed translucent door.
 21960 | Lair:6   | Noticed a fire dragon
 22018 | Lair:6   | Received a gift from Okawaru
 24547 | D:14     | Reached XP level 14. HP: 73/73 MP: 19/21
 24780 | D:14     | Found Vaefac's Magic Scroll Emporium.
 24787 | D:14     | Bought a scroll of blinking for 90 gold pieces
 24787 | D:14     | Bought a scroll of teleportation for 36 gold pieces
 25014 | D:14     | Received a gift from Okawaru
 25401 | D:13     | Received a gift from Okawaru
 25517 | D:13     | Found a runed translucent gate.
 25517 | D:13     | Found a runed translucent gate.
 25517 | D:13     | Found a runed translucent gate.
 25524 | D:13     | Found an opulent altar of Gozag.
 25646 | D:13     | Found Lofad's Assorted Antiques.
 25646 | D:13     | Noticed a fire giant
 25646 | D:13     | Noticed Rinoucvo's ghost (journeyman DrCj)
 25646 | D:13     | Noticed a sphinx
 25678 | D:13     | Reached skill level 15 in Dodging
 26298 | D:15     | Entered Level 15 of the Dungeon
 26446 | D:15     | Received a gift from Okawaru
 26456 | D:15     | Received a gift from Okawaru
 26679 | D:15     | Identified the cursed +1 robe "Jitte" {*Drain Regen+ Dex+3}
                  | (You found it on level 15 of the Dungeon)
 27736 | Orc:1    | Entered Level 1 of the Orcish Mines
 28047 | Orc:1    | Noticed Josephine
 28051 | Orc:1    | Killed Josephine
 28054 | Orc:1    | Noticed a stone giant
 28106 | Orc:1    | Killed a stone giant
 28373 | Orc:2    | Entered Level 2 of the Orcish Mines
 28612 | Orc:2    | Found a frozen archway.
 28630 | IceCv    | Entered an ice cave
 28851 | IceCv    | Found an ancient bone altar of Kikubaaqudgha.
 29431 | Orc:1    | Noticed Harold
 29438 | Orc:1    | Killed Harold
 29441 | Orc:1    | Reached XP level 15. HP: 78/78 MP: 20/22
 29724 | Orc:2    | Found a bloodstained altar of Trog.
 29763 | Orc:2    | Found a roughly hewn altar of Beogh.
 29781 | Orc:2    | Found Cawen's General Store.
 30002 | Orc:2    | Received a gift from Okawaru
 30025 | Orc:2    | Got a bone quick blade {god gift}
 30026 | Orc:2    | Identified the +6 quick blade "Tomibif" {god gift, protect,
                  | Str+3} (Okawaru gifted it to you on level 2 of the Orcish
                  | Mines)
 30148 | Orc:2    | Found a staircase to the Elven Halls.
 30150 | Orc:2    | Found a roughly hewn altar of Beogh.
 30196 | Orc:2    | Found Pinaud's Book Boutique.
 30280 | Orc:2    | Found Caehe's Gadget Shoppe.
 30354 | Orc:2    | Found a roughly hewn altar of Beogh.
 30460 | Orc:2    | Noticed Saint Roka
 30509 | Orc:2    | Killed Saint Roka
 30631 | Orc:2    | Reached skill level 10 in Fighting
 30788 | Orc:2    | Found Fecw's Antique Armour Shoppe.
 30790 | Orc:2    | Found a roughly hewn altar of Beogh.
 30794 | Orc:2    | Found Jexzaru's Antique Weapon Emporium.
 30822 | Orc:2    | Bought a glowing cloak for 262 gold pieces
 30849 | Orc:2    | Bought a glowing rapier for 147 gold pieces
 30932 | Orc:2    | Found a roughly hewn altar of Beogh.
 31695 | Lair:6   | Received a gift from Okawaru
 31877 | Lair:6   | Received a gift from Okawaru
 32223 | Lair:6   | Received a gift from Okawaru
 32745 | D:14     | Found a gate to the Vaults.
 33839 | D:15     | Found a staircase to the Depths.
 33905 | D:15     | Reached XP level 16. HP: 88/88 MP: 23/23
 34871 | Swamp:1  | Entered Level 1 of the Swamp
 35282 | Swamp:1  | Received a gift from Okawaru
 35283 | Swamp:1  | Got a faintly glowing hunting sling {god gift}
 35284 | Swamp:1  | Identified the +5 hunting sling of Orgheph {god gift,
                  | speed, *Slow rElec rN+ Int+4} (Okawaru gifted it to you on
                  | level 1 of the Swamp)
 36739 | Swamp:2  | Identified the cursed +0 kite shield of an ossuary {+Fly}
 36739 | Swamp:2  | Noticed Donald
 36760 | Swamp:2  | Killed Donald
 37821 | Swamp:3  | Reached skill level 10 in Evocations
 37834 | Swamp:3  | Received a gift from Okawaru
 38317 | Swamp:3  | Received a gift from Okawaru
 38381 | Swamp:3  | Noticed a thorn hunter
 38399 | Swamp:3  | Killed a thorn hunter
 38819 | Swamp:4  | Entered Level 4 of the Swamp
 38995 | Swamp:4  | Received a gift from Okawaru
 39006 | Swamp:4  | Received a gift from Okawaru
 39014 | Swamp:4  | Got a smoking cloak {god gift}
 39030 | Swamp:4  | Noticed a thorn hunter
 39042 | Swamp:4  | Killed a thorn hunter
 39070 | Swamp:4  | Reached XP level 17. HP: 93/93 MP: 27/27
 39223 | Swamp:4  | Identified a scroll of acquirement
 39247 | Swamp:3  | Identified the +0 cloak of Conscience {god gift, *Contam
                  | MR+ Regen+ rCorr} (Okawaru gifted it to you on level 4 of
                  | the Swamp)
 39367 | Swamp:4  | Got a decaying rune of Zot
 40258 | Snake:1  | Entered Level 1 of the Snake Pit
 40876 | Snake:1  | Received a gift from Okawaru
 41041 | Snake:1  | Reached skill level 15 in Fighting
 41050 | Snake:1  | Received a gift from Okawaru
 41829 | Snake:2  | Received a gift from Okawaru
 41995 | Snake:2  | Gained mutation: You are occasionally teleported next to
                  | monsters. [a shining eye]
 41997 | Snake:2  | Gained mutation: You are dopey. (Int -2) [a shining eye]
 42045 | Snake:2  | Lost mutation: You are occasionally teleported next to
                  | monsters. [potion of mutation]
 42045 | Snake:2  | Lost mutation: You are dopey. (Int -2) [potion of mutation]
 42045 | Snake:2  | Gained mutation: You are frail. (-10% HP) [potion of
                  | mutation]
 42045 | Snake:2  | Gained mutation: You are weak. (Str -2) [potion of
                  | mutation]
 42045 | Snake:2  | Gained mutation: Your mind is acute. (Int +2) [potion of
                  | mutation]
 42439 | Snake:2  | Found a shattered altar of Ashenzari.
 43150 | Snake:3  | Received a gift from Okawaru
 43368 | Snake:3  | Received a gift from Okawaru
 43587 | Snake:3  | Received a gift from Okawaru
 43587 | Snake:3  | Reached XP level 18. HP: 96/96 MP: 28/28
 43590 | Snake:3  | Received a gift from Okawaru
 43842 | Snake:4  | Entered Level 4 of the Snake Pit
 43870 | Snake:4  | Found a runed translucent door.
 43870 | Snake:4  | Noticed Rifaon's ghost (adept DsBe)
 43931 | Snake:4  | Found a runed translucent gate.
 43931 | Snake:4  | Found a runed translucent gate.
 43931 | Snake:4  | Found a runed translucent gate.
 43953 | Snake:4  | Received a gift from Okawaru
 44010 | Snake:4  | Received a gift from Okawaru
 44174 | Snake:1  | Lost mutation: You are frail. (-10% HP) [potion of
                  | mutation]
 44174 | Snake:1  | Lost mutation: You are weak. (Str -2) [potion of mutation]
 44174 | Snake:1  | Gained mutation: Your muscles are strong. (Str +2) [potion
                  | of mutation]
 44174 | Snake:1  | Gained mutation: You possess an exceptional clarity of
                  | mind. [potion of mutation]
 44174 | Snake:1  | Gained mutation: You have sharp fingernails. [potion of
                  | mutation]
 44506 | Snake:4  | Received a gift from Okawaru
 45453 | Snake:4  | Reached skill level 1 in Armour
 45913 | Snake:4  | Received a gift from Okawaru
 45940 | Snake:4  | Reached skill level 5 in Armour
 46306 | Snake:4  | Reached XP level 19. HP: 114/114 MP: 29/29
 46327 | Snake:4  | Received a gift from Okawaru
 46372 | Snake:4  | Got a serpentine rune of Zot
 46704 | Orc:2    | Bought a ration for 80 gold pieces
 46704 | Orc:2    | Bought a ration for 80 gold pieces
 46704 | Orc:2    | Bought a ration for 80 gold pieces
 46704 | Orc:2    | Bought a potion of curing for 48 gold pieces
 46704 | Orc:2    | Bought 15 stones for 24 gold pieces
 46755 | Orc:2    | Bought a tin of tremorstones (3/3) for 560 gold pieces
 46799 | Elf:1    | Entered Level 1 of the Elven Halls
 46970 | Elf:1    | Found a transporter.
 46986 | Elf:1    | Found a transporter.
 46986 | Elf:1    | Found a transporter.
 47003 | Elf:1    | Found a transporter.
 47367 | Elf:1    | Found a transporter.
 47647 | Elf:2    | Received a gift from Okawaru
 47648 | Elf:2    | Got a steaming hat {god gift}
 47659 | Elf:2    | Identified the +0 hat of Zotar {god gift, Str+3} (Okawaru
                  | gifted it to you on level 2 of the Elven Halls)
 48191 | Elf:2    | Found a huge runed translucent gate.
 48191 | Elf:2    | Found a huge runed translucent gate.
 48191 | Elf:2    | Found a huge runed translucent gate.
 48193 | Elf:2    | Found a huge runed translucent gate.
 48195 | Elf:2    | Found a huge runed translucent gate.
 48564 | Elf:3    | Entered Level 3 of the Elven Halls
 48693 | Elf:3    | Noticed Roxanne
 49759 | Vaults:1 | Entered Level 1 of the Vaults
 50082 | Vaults:1 | Reached skill level 15 in Slings
 50493 | Vaults:1 | Received a gift from Okawaru
 51492 | Vaults:1 | Received a gift from Okawaru
 51900 | Vaults:1 | Reached XP level 20. HP: 119/119 MP: 30/30
 51901 | Vaults:1 | Found Luobliwa's Distillery.
 51916 | Vaults:1 | Bought a potion of haste for 170 gold pieces
 51916 | Vaults:1 | Bought a potion of cancellation for 136 gold pieces
 52116 | Vaults:1 | Learned a level 1 spell: Apportation
 52406 | Vaults:2 | Found a staircase to the Crypt.
 52438 | Vaults:2 | Noticed Mennas
 52457 | Vaults:2 | Killed Mennas
 52457 | Vaults:2 | Received a gift from Okawaru
 52529 | Vaults:2 | Reached skill level 10 in Armour
 52571 | Vaults:2 | Noticed Sojobo
 52667 | Vaults:2 | Noticed Asterion
 52905 | Vaults:2 | Found Paqaixugri's Food Emporium.
 52933 | Vaults:2 | Killed Asterion
 53262 | Vaults:2 | Bought a ration for 65 gold pieces
 53262 | Vaults:2 | Bought a ration for 65 gold pieces
 53262 | Vaults:2 | Bought a ration for 65 gold pieces
 53262 | Vaults:2 | Bought a ration for 65 gold pieces
 53460 | Vaults:2 | Received a gift from Okawaru
 53848 | Vaults:2 | Killed Sojobo
 54983 | Vaults:2 | Received a gift from Okawaru
 55004 | Vaults:2 | Identified the +0 hunting sling of the Lumpy Defenders {god
                  | gift, freeze, +Fly rPois MR- Str+5 SInv} (Okawaru gifted it
                  | to you on level 2 of the Vaults)
 55470 | Vaults:2 | Found Paqaixugri's Food Emporium.
 55582 | Vaults:2 | Found a staircase to the Crypt.
 56562 | Vaults:2 | Found a staircase to the Crypt.
 56642 | Vaults:2 | Found Paqaixugri's Food Emporium.
 56858 | Vaults:3 | Reached skill level 10 in Invocations
 57745 | Vaults:3 | Reached XP level 21. HP: 123/123 MP: 31/31
 57823 | Vaults:3 | Found Xuaboug's Gadget Shop.
 57904 | Vaults:3 | Received a gift from Okawaru
 57952 | Vaults:3 | Received a gift from Okawaru
 58857 | Vaults:3 | Found Xuaboug's Gadget Shop.
 59706 | Vaults:4 | Received a gift from Okawaru
 60947 | Vaults:4 | Found a runed translucent gate.
 60947 | Vaults:4 | Found a runed translucent gate.
 60947 | Vaults:4 | Found a runed translucent gate.
 60948 | Vaults:4 | Noticed Rov Woulue's ghost (adept MfTm)
 61183 | Vaults:4 | Found an iron altar of Okawaru.
 61373 | Vaults:4 | Killed Rov Woulue's ghost
 61597 | Vaults:4 | Identified the quicksilver dragon scales "Xatsokh" {MR+
                  | Slay+2} (You found it on level 4 of the Vaults)
 61697 | Vaults:4 | Received a gift from Okawaru
 61956 | D:13     | Killed Rinoucvo's ghost
 62072 | D:13     | Bought a scroll of blinking for 270 gold pieces
 63069 | Elf:3    | Received a gift from Okawaru
 63073 | Elf:3    | Got a shimmering buckler {god gift}
 63084 | Elf:3    | Identified the +5 buckler of Xitaopaig {god gift, rN+}
                  | (Okawaru gifted it to you on level 3 of the Elven Halls)
 63212 | Elf:3    | Identified the +7 tower shield "Fepof" {Str+4}
 63212 | Elf:3    | Noticed Louise
 63228 | Elf:3    | Killed Louise
 63229 | Elf:3    | Reached XP level 22. HP: 112/128 MP: 27/32
 63746 | Elf:3    | Identified the +10 halberd "Coegg" {pain, Dex+3}
 63845 | Elf:3    | Identified the +8 rapier "Cipsoad" {flame, +Inv rN+++ Int-3
                  | SInv}
 63849 | Elf:3    | Identified the +5 mace "Furhomai" {elec, rC+ SInv}
 64206 | Elf:3    | Identified the Catalogue of Torrid Attacks
 64208 | Elf:3    | Identified Faiman Juo's Volume of the Escort and Lightness
 64368 | Elf:3    | Identified the cursed +1 fustibalus of Tuot {freeze, rElec
                  | rF- Dex+5} (You found it on level 3 of the Elven Halls)
 64428 | Elf:3    | Identified the ring "Geekon" {MR+ Dex+4 Stlth+}
 64481 | Elf:3    | Killed Roxanne
 65778 | Depths:1 | Entered Level 1 of the Depths
 65778 | Depths:1 | Found Neddin's Magic Scroll Boutique.
 65811 | Depths:1 | Received a gift from Okawaru
 65820 | Depths:1 | Reached skill level 10 in Stealth
 65991 | Depths:1 | Bought a scroll of acquirement for 988 gold pieces
 66005 | Depths:1 | Bought a scroll of enchant armour for 142 gold pieces
 66005 | Depths:1 | Bought a scroll of enchant armour for 142 gold pieces
 66311 | Depths:1 | Found a gateway to Hell.
 66482 | Depths:1 | Found a runed translucent gate.
 66482 | Depths:1 | Found a runed translucent gate.
 66482 | Depths:1 | Found a runed translucent gate.
 66482 | Depths:1 | Noticed Rivec's ghost (veteran MiFi)
 66616 | Depths:1 | Received a gift from Okawaru
 66923 | Depths:1 | Found a one-way gate to the infinite horrors of the Abyss.
 67093 | Depths:1 | Found Votaxtouth's Gadget Emporium.
 67094 | Depths:1 | Found Maalidaa's Jewellery Boutique.
 67095 | Depths:1 | Found Jora's Gadget Emporium.
 67393 | Depths:2 | Received a gift from Okawaru
 67766 | Depths:3 | Received a gift from Okawaru
 67907 | Depths:3 | Noticed Mara
 67923 | Depths:3 | Killed Mara
 67923 | Depths:3 | Received a gift from Okawaru
 67923 | Depths:3 | Reached skill level 15 in Armour
 67927 | Depths:3 | Got a polished hat {god gift}
 67928 | Depths:3 | Identified the +1 hat of the Cockatrice {god gift, Str+5}
                  | (Okawaru gifted it to you on level 3 of the Depths)
 68364 | Depths:3 | Reached XP level 23. HP: 133/133 MP: 26/33
 68549 | Depths:3 | Found a one-way gate leading to the halls of Pandemonium.
 68804 | Depths:3 | Found Irramawn's Assorted Antiques.
 68812 | Depths:3 | Bought a translucent fustibalus for 780 gold pieces
 68812 | Depths:3 | Identified the +11 fustibalus of Extermination {flame,
                  | rPois rC+ MR+ Dex+3} (You bought it in a shop on level 3 of
                  | the Depths)
 70619 | Depths:4 | Identified the Papyrus of the Firefly
 71067 | Depths:4 | Found a blossoming altar of Fedhas.
 71317 | Depths:2 | Noticed an ancient lich
 71332 | Depths:3 | Killed an ancient lich
 71332 | Depths:3 | Received a gift from Okawaru
 71515 | Depths:2 | Noticed Aizul
 71668 | Depths:2 | Killed Aizul
 72042 | Depths:2 | Received a gift from Okawaru
 72048 | Depths:2 | Got a masterwork cloak {god gift}
 72059 | Depths:2 | Identified the +2 cloak "Naddi" {god gift, *Corrode rElec
                  | Str+3} (Okawaru gifted it to you on level 2 of the Depths)
 73059 | Depths:2 | Identified the ring of Xekaeji {rN+ rCorr} (You found it on
                  | level 2 of the Depths)
 73781 | Depths:5 | Entered Level 5 of the Depths
 73792 | Depths:5 | Noticed a caustic shrike
 73796 | Depths:5 | Noticed a caustic shrike
 73796 | Depths:5 | Noticed a caustic shrike
 73817 | Depths:4 | Killed a caustic shrike
 73818 | Depths:4 | Killed a caustic shrike
 73819 | Depths:4 | Killed a caustic shrike
 74034 | Depths:5 | Noticed Xtahua
 74107 | Depths:5 | Killed Xtahua
 74107 | Depths:5 | Reached XP level 24. HP: 136/137 MP: 33/33
 74360 | Depths:5 | Found a gateway to a ziggurat.
 74568 | Depths:5 | Received a gift from Okawaru
 74927 | Depths:5 | Received a gift from Okawaru
 74949 | Depths:5 | Found a gate to the Realm of Zot.
 75220 | Vaults:5 | Entered Level 5 of the Vaults
 75314 | Vaults:5 | Received a gift from Okawaru
 75623 | Vaults:5 | Received a gift from Okawaru
 75689 | Vaults:5 | Noticed Margery
 75778 | Vaults:5 | Received a gift from Okawaru
 75882 | Vaults:5 | Identified the cursed ring of the Ego {*Corrode rF++ rN+
                  | Dex-4}
 75911 | Vaults:5 | Killed Margery
 75917 | Vaults:5 | Reached XP level 25. HP: 136/142 MP: 27/33
 76005 | Vaults:5 | Received a gift from Okawaru
 76848 | Vaults:5 | Reached skill level 15 in Evocations
 77039 | Vaults:5 | Noticed Jory
 77049 | Vaults:5 | Killed Jory
 77058 | Vaults:5 | Got a silver rune of Zot
 77737 | Vaults:1 | Bought a potion of mutation for 136 gold pieces
 78380 | Zot:1    | Entered Level 1 of the Realm of Zot
 79403 | Zot:1    | Received a gift from Okawaru
 80431 | Zot:2    | Received a gift from Okawaru
 81783 | Zot:3    | Received a gift from Okawaru
 81809 | Zot:3    | Reached XP level 26. HP: 115/147 MP: 30/38
 83670 | Orc:2    | Bought a wand of acid (5) for 252 gold pieces
 83670 | Orc:2    | Bought a wand of iceblast (8) for 168 gold pieces
 84554 | Depths:1 | Bought a scroll of teleportation for 57 gold pieces
 84554 | Depths:1 | Bought a scroll of enchant weapon for 142 gold pieces
 84554 | Depths:1 | Bought a scroll of teleportation for 57 gold pieces
 84610 | Depths:1 | Killed Rivec's ghost
 84865 | Depths:3 | Bought a scroll of enchant weapon for 292 gold pieces
 84865 | Depths:3 | Bought a scroll of brand weapon for 780 gold pieces
 84924 | Depths:1 | Bought an uncursed ring of protection from fire for 550
                  | gold pieces
 85373 | Zot:3    | Identified the +11 war axe of Brutal Revenge {vorpal, rN+}
 85857 | Zot:4    | Noticed an orb of fire
 85883 | Zot:4    | Gained mutation: You are somewhat resistant to further
                  | mutation. [an orb of fire]
 85885 | Zot:4    | Killed an orb of fire
 85959 | Zot:4    | Received a gift from Okawaru
 86335 | Zot:4    | Found the +0 mask of the Dragon {MR+ Slay+3 SInv}
 86581 | Zot:4    | Found a transporter.
 87351 | Zot:5    | Entered Level 5 of the Realm of Zot
 87635 | Zot:5    | Noticed an ancient lich
 87650 | Zot:5    | Killed an ancient lich
 87650 | Zot:5    | Reached XP level 27. HP: 151/151 MP: 34/38
 87666 | Zot:5    | Noticed an orb of fire
 87693 | Zot:5    | Killed an orb of fire
 87748 | Zot:5    | Received a gift from Okawaru
 87876 | Zot:5    | Noticed an ancient lich
 87899 | Zot:5    | Noticed an orb of fire
 87915 | Zot:5    | Killed an orb of fire
 87921 | Zot:5    | Received a gift from Okawaru
 87949 | Zot:5    | Killed an ancient lich
 87951 | Zot:5    | Noticed an ancient lich
 87958 | Zot:5    | Received a gift from Okawaru
 87983 | Zot:5    | Killed an ancient lich
 88268 | Zot:5    | Noticed an orb of fire
 88301 | Zot:5    | Gained mutation: Armour fits poorly on your strangely
                  | shaped body. [an orb of fire]
 88304 | Zot:5    | Killed an orb of fire
 88469 | Zot:5    | Got the ring "Ruwnuckes" {rPois rF+ MP+9 Dex+3}
 88511 | Zot:5    | Noticed an ancient lich
 88541 | Zot:5    | Killed an ancient lich
 88584 | Zot:5    | Received a gift from Okawaru
 89159 | Zot:5    | Got the Orb of Zot
 89251 | Zot:4    | Received a gift from Okawaru
 89566 | D:14     | Noticed Feuxecsui the pandemonium lord
 89691 | D:9      | Noticed Obaiwat the pandemonium lord
 89727 | D:7      | Noticed Leoranen the pandemonium lord
 89859 | D:1      | Received a gift from Okawaru
 89867 | D:$      | Escaped with the Orb!
